 Dungeon Crawl Stone Soup version 0.31-a0-925-g0a390f2509 (webtiles) character file.

Game seed: 12272524721224207055

10255 Persephone the Grappler (level 11, -12/107 HPs)
             Began as a Troll Shapeshifter on Oct 18, 2023.
             Was an Initiate of Gozag.
             Mangled by a komodo dragon (30 damage)
             ... on level 11 of the Dungeon.
             The game lasted 00:22:05 (8976 turns).

Persephone the Grappler (Troll Shapeshifter)        Turns: 8976, Time: 00:22:05

Health: -12/107    AC:  4    Str: 28    XL:     11   Next: 33%
Magic:  10/10      EV:  9    Int:  1    God:    Gozag
Gold:   2005       SH:  0    Dex: 11    Spells: 10/10 levels left

rFire   . .          .
                       - Unarmed
rCold   + + .        (no shield)
rNeg    + + +        r - +0 robe "Yrphyan" {Harm rC++ Int-5 Dex+2}
rPois   +            (helmet currently unavailable)
rElec   .            (cloak currently unavailable)
rCorr   .            (gloves unavailable)
SInv    .            (boots unavailable)
Will    .....        B - amulet of Jigal {Acrobat -Tele rPois rN+++ Stlth-} Stlth
                     l - ring of positive energy
HPRegen 1.17/turn    (no ring)
MPRegen 0.12/turn

%: no teleportation, harm (+30% outgoing, +20% incoming), acrobat
@: beast-form, gold aura
A: beast (slay +4), large, unfitting armour, claws 3, regeneration 1, shaggy fur
1, tough skin 1
a: Begin Untransformation, Renounce Religion, Potion Petition, Call Merchant,
Bribe Branch


You were on level 11 of the Dungeon.
You worshipped Gozag.
Gozag was most pleased with you.
You were a hulking beast.
You visited 1 branch of the dungeon, and saw 11 of its levels.

You collected 3021 gold pieces.
You spent 968 gold pieces at shops.
You paid 48 gold pieces to Gozag.

Inventory:

Missiles
 e - 6 boomerangs (quivered)
 G - a throwing net
Armour
 a - a +1 animal skin
 j - the +0 mask of the Dragon {Will+ Slay+3 SInv}
   (You bought it in a shop on level 8 of the Dungeon)

   Slay+3:    It affects your accuracy & damage with ranged weapons and melee
   (+3).
   Will+:     It increases your willpower.
   SInv:      It lets you see invisible.
 r - the +0 robe "Yrphyan" (worn) {Harm rC++ Int-5 Dex+2}
   (You found it on level 3 of the Dungeon)

   Int-5:     It affects your intelligence (-5).
   Dex+2:     It affects your dexterity (+2).
   rC++:      It greatly protects you from cold.
   Harm:      It increases damage dealt and taken.
Jewellery
 g - a ring of magical power
 l - a ring of positive energy (left claw)
 o - an amulet of reflection
 w - a ring of positive energy
 B - the amulet of Jigal (around neck) {Acrobat -Tele rPois rN+++ Stlth-}
   (You found it on level 6 of the Dungeon)

   [amulet of the acrobat]

   Acrobat:   It increases your evasion while moving and waiting.
   rPois:     It protects you from poison rN+++: It renders you almost immune to
   negative energy.
   -Tele:     It prevents most forms of teleportation.
   Stlth-:    It makes you less stealthy.
 F - an amulet of the acrobat
 O - a ring of see invisible
Talismans
 c - a beast talisman (active)
 d - a flux talisman
 H - a storm talisman
Wands
 s - a wand of paralysis (20)
 v - a wand of acid (11)
 y - a wand of iceblast (5)
 A - a wand of flame (22)
 C - a wand of mindburst (5)
 J - a wand of polymorph (2)
Scrolls
 b - 3 scrolls of fog
 f - a scroll of vulnerability
 h - 4 scrolls of amnesia
 q - 2 scrolls of blinking
 u - 2 scrolls of immolation
 E - 4 scrolls of teleportation
 I - a scroll of poison
 L - 3 scrolls of identify
Potions
 i - a potion of enlightenment
 k - a potion of resistance {unknown}
 m - 4 potions of degeneration
 n - 3 potions of brilliance {unknown}
 p - a potion of curing {unknown}
 t - 2 potions of mutation {unknown}
 x - a potion of attraction {unknown}
 z - a potion of cancellation {unknown}
 D - a potion of invisibility {unknown}
 M - a potion of lignification
 N - a potion of heal wounds


   Skills:
 - Level 6.5 Fighting
 - Level 1.5 Dodging
 - Level 11.5 Unarmed Combat
 + Level 11.3 Shapeshifting


You had 10 spell levels left.
You didn't know any spells.
Your spell library contained the following spells:

 Spells                   Type           Power      Damage    Failure   Level
 Kiss of Death            Conj/Necr      0%         2d5       56%         1
 Shock                    Conj/Air       0%         1d3       56%         1
 Cigotuvi's Dreadful Rot  Necr/Pois/Air  0%         N/A       71%         2
 Confusing Touch          Hex            0%         N/A       91%         3
 Frozen Ramparts          Ice            0%         1d1       91%         3
 Ignite Poison            Fire/Tmut/Pois 0%         N/A       91%         3
 Inner Flame              Hex/Fire       0%         N/A       91%         3
 Swiftness                Air            0%         N/A       91%         3
 Airstrike                Air            0%         2d(0-16)  100%        4
 Animate Armour           Summ/Erth      0%         N/A       100%        4
 Dispel Undead            Necr           0%         3d6       100%        4
 Petrify                  Tmut/Erth      0%         N/A       100%        4
 Sticky Flame             Conj/Fire      0%         2d3       100%        4
 Summon Lightning Spire   Summ/Air       0%         N/A       100%        4
 Alistair's Intoxication  Tmut/Pois      0%         N/A       100%        5
 Lee's Rapid Deconstruct  Erth           0%         3d4*      100%        5
 Metabolic Englaciation   Hex/Ice        0%         N/A       100%        5
 Ozocubu's Refrigeration  Ice            0%         4d7       100%        7
 Polar Vortex             Ice            0%         N/A       100%        9
 Simulacrum               Ice/Necr       Unusable   N/A       N/A         6

Dungeon Overview and Level Annotations

Branches:
Dungeon (11/15)            Temple (0/1) D:6            Lair (0/5) D:11
    Orc: D:9-12

Altars:
Ashenzari
Cheibriados
Elyvilon
Gozag
Hepliaklqana
Makhleb
Nemelex Xobeh
Okawaru
Ru
Uskayaw
Vehumet
Wu Jian
Xom
Zin

Shops:
D:8 ([(*   D:9 [

Annotations:
D:4 exclusion: statue
D:5 1 transporter, Sanktem7's ghost, novice MiFi
D:9 1 transporter


Innate Abilities, Weirdness & Mutations

You are a hulking beast.
Your limbs bulge with bestial killing power. (Slay +4)
You are too large for most types of armour.
You have claws for hands.
Your natural rate of healing is unusually fast.
You are covered in fur. (AC +1)
You have tough skin. (AC +1)


Message History

There is a staircase to the Lair here.
Key pressed, stopping explore.
Key pressed, stopping explore.
Key pressed, stopping explore.
You open the door.
A komodo dragon and a cyclops come into view.
The cyclops shouts!
There are monsters nearby!
There are monsters nearby!
There is an open door here.
You mangle the cyclops!!
The cyclops is severely wounded.
The cyclops hits you!!
You are too injured to fight recklessly!
You are too injured to fight recklessly!
You are too injured to fight recklessly!
You barely miss the cyclops.
The cyclops is severely wounded.
The komodo dragon barely misses you.
You scratch the cyclops but do no damage.
The cyclops is severely wounded.
You mangle the cyclops!!
You kill the cyclops!
The komodo dragon bites you!! The komodo dragon bites you!!
* * * LOW HITPOINT WARNING * * *
Things that are here:
17 gold pieces; 4 large rocks You mangle the komodo dragon!!
The komodo dragon is severely wounded.
The komodo dragon bites you.
* * * LOW HITPOINT WARNING * * *
You scratch the komodo dragon but do no damage.
The komodo dragon is severely wounded.
The komodo dragon bites you but does no damage.
You barely miss the komodo dragon. Your claw misses the komodo dragon.
The komodo dragon is severely wounded.
The komodo dragon bites you!!
You die...
Your body crumbles into a pile of gold.

#######+####
#..........#
#..........#
#..........#
#..........+
#..lh......#
#..........#
####'#######
#.# #.##
#..# #######
##.##
#...... #..#
#......
##.##
#......


You could see a komodo dragon.

Vanquished Creatures
  3 two-headed ogres
  Sonja (D:10)
  A cyclops (D:11)
  Joseph (D:8)
  A gargoyle (D:10)
  Maggie (D:6)
  A komodo dragon (D:11)
  Jeremiah (D:6)
  A troll (D:11)
  A hornet (D:8)
  A wraith (D:11)
  5 yaks
  A steam dragon (D:7)
  An acid dragon (D:9)
  Duvessa (D:5)
  A water moccasin (D:9)
  A sky beast (D:7)
  4 orc warriors
  3 black bears
  2 ogres
  4 centaurs
  2 phantoms
  4 kobold brigands
  3 bullfrogs
  4 scorpions
  2 gnoll sergeants (D:8)
  Dowan (D:5)
  3 wights (D:6)
  16 killer bees
  4 howler monkeys
  5 orc priests
  2 hounds
  3 gnoll boudas
  Crazy Yiuf (D:6)
  4 sleepcaps
  Jessica (D:2)
  Ijyb (D:5)
  4 iguanas
  8 orc wizards
  22 gnolls
  6 adders
  2 river rats (D:6)
  A shadow imp (D:7)
  A worm (D:2)
  A dart slug (D:4)
  34 orcs
  6 bats
  5 endoplasms
  13 giant cockroaches
  5 goblins
  4 hobgoblins
  4 quokkas
  5 ball pythons
  3 frilled lizards
  26 kobolds
  4 rats
246 creatures vanquished.

Notes
Turn   | Place    | Note
-------+----------+-------------------------------------------
     0 | D:1      | Persephone the Troll Shapeshifter began the quest for the
                  | Orb.
     0 | D:1      | Reached XP level 1. HP: 18/18 MP: 0/0
   127 | D:1      | Reached skill level 1 in Fighting
   446 | D:1      | Reached XP level 2. HP: 27/27 MP: 1/1
   610 | D:2      | Identified the "Weqinuov"
   682 | D:2      | Noticed Jessica
   688 | D:2      | Killed Jessica
   689 | D:2      | Reached XP level 3. HP: 33/33 MP: 2/2
  1025 | D:2      | Reached XP level 4. HP: 42/42 MP: 3/3
  1293 | D:2      | Identified a scroll of acquirement
  1293 | D:2      | Acquired 1059 gold pieces
  1578 | D:3      | Noticed an angel
  1581 | D:3      | Found a glowing silver altar of Zin.
  1581 | D:3      | Found a shimmering altar of Xom.
  1635 | D:3      | Identified the +0 robe "Yrphyan" {Harm rC++ Int-5 Dex+2}
  2048 | D:4      | Reached XP level 5. HP: 27/49 MP: 4/4
  2104 | D:4      | Reached skill level 5 in Unarmed Combat
  2144 | D:4      | Found a radiant altar of Vehumet.
  2146 | D:4      | Noticed a frost-covered statue
  2189 | D:4      | Noticed a black bear
  2194 | D:4      | Killed a black bear
  2195 | D:4      | Reached XP level 6. HP: 53/59 MP: 5/5
  2431 | D:4      | Found a white marble altar of Elyvilon.
  2431 | D:4      | Found an opulent altar of Gozag.
  2431 | D:4      | Found a snail-covered altar of Cheibriados.
  2447 | D:4      | Found a broken altar of Ashenzari.
  2453 | D:4      | Became a worshipper of Gozag Ym Sagoz the Greedy
  2600 | D:5      | Entered Level 5 of the Dungeon
  2632 | D:5      | Noticed Sanktem7's ghost (novice MiFi)
  2638 | D:5      | Found a transporter.
  2649 | D:5      | Noticed Duvessa
  2660 | D:5      | Noticed Dowan
  2665 | D:5      | Killed Duvessa
  2674 | D:5      | Killed Dowan
  2675 | D:5      | Reached XP level 7. HP: 30/67 MP: 6/6
  2775 | D:5      | Noticed Ijyb
  2781 | D:5      | Killed Ijyb
  3207 | D:6      | Noticed Maggie
  3212 | D:6      | Found a sparkling altar of Nemelex Xobeh.
  3231 | D:6      | Killed Maggie
  3232 | D:6      | Reached skill level 5 in Shapeshifting
  3232 | D:6      | Reached XP level 8. HP: 15/78 MP: 7/7
  3232 | D:6      | HP: 3/78 [gnoll/+0 halberd[a gnoll bouda] (13)]
  3384 | D:6      | Found a sacrificial altar of Ru.
  3608 | D:6      | Identified the +4 short sword of the Doomed Warrior
                  | {antimagic, *Slow rPois rC+}
  3619 | D:6      | Noticed Jeremiah
  3642 | D:6      | Killed Jeremiah
  3656 | D:6      | Found a staircase to the Ecumenical Temple.
  3696 | D:6      | Reached XP level 9. HP: 87/87 MP: 8/8
  3773 | D:6      | Found a runed translucent door.
  3774 | D:6      | Noticed Crazy Yiuf
  3778 | D:6      | Killed Crazy Yiuf
  4269 | D:6      | Reached skill level 5 in Fighting
  4273 | D:6      | Identified the amulet of Jigal {Acrobat -Tele rPois rN+++
                  | Stlth-}
  4532 | D:7      | Found an iron altar of Okawaru.
  4575 | D:7      | Reached skill level 10 in Unarmed Combat
  4884 | D:7      | Found an ornate altar of the Wu Jian Council.
  4940 | D:8      | Found Deobouve's Antique Weapon Shop.
  5081 | D:8      | Noticed Joseph
  5100 | D:8      | Killed Joseph
  5221 | D:8      | Reached XP level 10. HP: 89/98 MP: 9/9
  5339 | D:8      | Identified the +9 dagger "Xuculoic" {speed, Dex+2}
  5351 | D:8      | Noticed a two-headed ogre
  5353 | D:8      | Killed a two-headed ogre
  5355 | D:8      | Found Uleam's General Store.
  5671 | D:8      | Found Memp's Antique Armour Emporium.
  5679 | D:8      | Bought the +0 mask of the Dragon {Will+ Slay+3 SInv} for
                  | 968 gold pieces
  5679 | D:8      | Found the +0 mask of the Dragon {Will+ Slay+3 SInv}
  5900 | D:8      | Noticed a two-headed ogre
  5909 | D:8      | Killed a two-headed ogre
  5993 | D:8      | Found Kyps's Weapon Shoppe.
  6372 | D:9      | Found a hazy altar of Hepliaklqana.
  6395 | D:9      | Found a burning altar of Makhleb.
  6398 | D:9      | Found a hide-covered altar of Uskayaw.
  7129 | D:9      | Found a transporter.
  7262 | D:9      | Found Esior's Armour Shop.
  7499 | D:10     | Entered Level 10 of the Dungeon
  7520 | D:10     | Noticed a gargoyle
  7943 | D:10     | Noticed Sonja
  8009 | D:10     | Killed Sonja
  8010 | D:10     | Reached skill level 10 in Shapeshifting
  8010 | D:10     | Reached XP level 11. HP: 49/107 MP: 10/10
  8242 | D:10     | Noticed a two-headed ogre
  8251 | D:10     | Killed a two-headed ogre
  8713 | D:11     | Noticed a boulder beetle
  8932 | D:11     | Found a staircase to the Lair.
  8976 | D:11     | Mangled by a komodo dragon

Illustrated notes

Levels and vault maps discovered:
D:1:      dpeg_arrival_rhombi, layout_loops_ring
D:2:      minmay_roachtagon, layout_loops_ring, chequers_decorated_corner,
          uniq_jessica
D:3:      layout_basic, grunt_temple_overflow_order_and_chaos_1
D:4:      layout_cave_pools, grunt_temple_overflow_cloverleaf, vehumet_statue,
          kennysheep_boxes
D:5:      layout_rooms, gammafunk_ghost_smash, minmay_crystal_room,
          eino_tiny_chamber, uniq_duvessa, uniq_ijyb
D:6:      layout_basic, nemelex_diamond_rough_becter, amcnicky_altar_gilded,
          minmay_temple_entry_gardened_gates, gup_sewer_entry_bubbles,
          kennysheep_generic_room_5, uniq_maggie, uniq_crazy_yiuf_cottage,
          uniq_jeremiah
D:7:      layout_rooms, nicolae_wu_jian_immortal_techniques,
          okawaru_altar_gauntlet_db
D:8:      layout_layer_cave, special_room [special_room_orc], serial_shops,
          shop, nicolae_shop_waterfront, shop_fountains,
          nicolae_shop_pleasant_corner_grove, uniq_joseph
D:9:      layout_grid_maze, nicolae_overflow_squiral,
          nicolae_hepliaklqana_hazy_memory, serial_shops, shop,
          nicolae_diode_basic
D:10:     layout_rooms, uniq_sonja
D:11:     layout_roguey, lair_entry_dummy, david_orc_1_choice

Skill      XL: |  1  2  3  4  5  6  7  8  9 10 11 |
---------------+----------------------------------+-----
Fighting       | 1 2 3 4 6 |  6.5
Unarmed Combat | 4 5 6 7 8 10 11 | 11.5
Shapeshifting  | 4 5 6 7 10 11 | 11.3
Dodging        | |  1.5

Action                     |  1- 3 |  4- 6 |  7- 9 | 10-12 || total
---------------------------+-------+-------+-------+-------++-------
  Melee: Unarmed           |    31 |    80 |   223 |   220 ||   554
         Punch             |     1 |     1 |     5 |    12 ||    19
  Throw: Boomerang         |    23 |    11 |       |     9 ||    43
    Use: Scroll            |       |     3 |     7 |     5 ||    15
         Potion            |       |     1 |     4 |       ||     5
   Stab: Sleeping          |     1 |       |       |       ||     1
         Distracted        |       |       |       |     1 ||     1
 Armour: Animal skin       |    13 |    20 |       |       ||    33
         Robe              |       |    29 |   129 |   175 ||   333
         Skin              |       |       |    12 |       ||    12
  Dodge: Dodged            |    13 |    28 |    97 |   142 ||   280
  Block: Other             |       |    20 |    22 |       ||    42
         Reflection        |       |     1 |     1 |       ||     2
   Form: Storm             |       |       |       |     1 ||     1
         Beast             |       |       |       |     1 ||     1

Table legend: (Time is in decaauts)
 A = Elapsed time spent in this place.
 B = Non-inter-level travel time spent in this place.
 C = Inter-level travel time spent in this place.
 D = Time resting spent in this place.
 E = Time spent auto-exploring this place.
 F = Levels seen in this place.
 G = Mean time per level.
                   A        B        C        D        E       F      G
               +--------+--------+--------+--------+--------+-----+--------+
         Total |   8869 |   8318 |    551 |      0 |   6892 |  11 |  806.3 |
       Dungeon |   8869 |   8318 |    551 |      0 |   6892 |  11 |  806.3 |
               +--------+--------+--------+--------+--------+-----+--------+

Top non-repeatable levels by time:
     D:9: 1613 daAuts
     D:8: 1409 daAuts
     D:6: 1150 daAuts
     D:2: 728 daAuts
    D:10: 662 daAuts
     D:3: 648 daAuts
     D:1: 612 daAuts
     D:7: 612 daAuts
     D:4: 611 daAuts
     D:5: 513 daAuts
    D:11: 307 daAuts
